 Dungeon Crawl Stone Soup version 0.29-a0-553-g81b289dbe5 (webtiles) character file.

Game seed: 10056597396699588762

523 Querens the Shield-Bearer (level 7, -1/56 HPs)
             Began as a Formicid Fighter on June 6, 2022.
             Slain by Duvessa
             ... wielding a +0 rapier
              (15 damage)
             ... on level 4 of the Dungeon.
             The game lasted 00:09:59 (2732 turns).

Querens the Shield-Bearer (Formicid Fighter)        Turns: 2732, Time: 00:09:59

Health: -1/56      AC:  7    Str: 29    XL:     7   Next: 46%
Magic:  7/7        EV:  9    Int:  7    God:
Gold:   209        SH:  9    Dex: 10    Spells: 6/6 levels left

rFire   . . .      SeeInvis +   a - +0 war axe
rCold   . . .      Faith    .   k - +0 kite shield
rNeg    . . .      Spirit   .   b - +0 scale mail
rPois   .          Reflect  .   (helmet unavailable)
rElec   .          Harm     .   (no cloak)
rCorr   .          Rampage  .   (no gloves)
Will    .....                   (no boots)
Stlth   ..........              (no amulet)
HPRegen 0.18/turn               q - +6 ring of strength
MPRegen 0.10/turn               (no ring)

@: lit by a corona, glowing
A: permanent stasis, dig shafts and tunnels, antennae 3, four strong arms
a: Dig, Shaft Self


You were on level 4 of the Dungeon.
You visited 1 branch of the dungeon, and saw 4 of its levels.

You collected 209 gold pieces.

Inventory:

Hand Weapons
 a - a +0 war axe (weapon)
Armour
 b - a +0 scale mail (worn)
 k - a +0 kite shield (worn)
Jewellery
 q - a +6 ring of strength (left hand)
Scrolls
 e - a scroll of immolation {unknown}
 f - a scroll of poison {unknown}
 i - a scroll of vulnerability {unknown}
 o - a scroll of brand weapon {unknown}
 p - a scroll of noise {unknown}
 r - a scroll of torment {unknown}
Potions
 c - a potion of haste {unknown}
 d - 2 potions of might
 g - a potion of lignification {unknown}
 j - a potion of ambrosia {unknown}
 l - 2 potions of curing
 m - a potion of cancellation {unknown}
 n - 2 potions of mutation


   Skills:
 + Level 5.2 Fighting
 + Level 4.1 Axes
 + Level 5.2 Armour
 + Level 6.3 Shields


You had 6 spell levels left.
You didn't know any spells.
Your spell library contained the following spells:

 Spells                   Type           Power      Damage    Failure   Level
 Shock                    Conj/Air       0%         1d3       90%         1
 Gell's Gravitas          Tloc           0%         N/A       99%         3
 Teleport Other           Tloc           0%         N/A       99%         3
 Airstrike                Air            0%         N/A       100%        4
 Dispersal                Tloc           0%         N/A       100%        6
 Swiftness                Air            Unusable   N/A       N/A         3

Dungeon Overview and Level Annotations

Branches:
Dungeon (4/15)
 Temple: D:4-7

Altars:

Shops:
D:1 [   D:2 =

Annotations:
D:4 Duvessa, Edmund


Innate Abilities, Weirdness & Mutations

You cannot be hasted, slowed, berserked, paralysed or teleported.
You can dig through walls and to a lower floor.
You have a pair of large antennae on your head. (SInv)
Your four strong arms can wield two-handed weapons with a shield.


Message History

You hit Dowan. Duvessa hits you with a +0 rapier. You block Dowan's attack.
Unknown command.
Unknown command.
You hit Duvessa.
Duvessa is moderately wounded.
You miss Dowan. Duvessa hits you with a +0 rapier.
Dowan says, "My weaknesses are her strengths!"
Dowan closely misses you.
Unknown command.
Unknown command.
You hit Duvessa.
Duvessa is heavily wounded.
You barely miss Dowan. Duvessa hits you with a +0 rapier.
You block Dowan's attack. Duvessa hits you with a +0 rapier!
You block Dowan's attack.
Unknown command.
Unknown command.
You hit Duvessa.
Duvessa is severely wounded.
You closely miss Dowan. You block Duvessa's attack. Dowan casts a spell at you.
The puff of flame hits you.
Unknown command.
Unknown command.
You slash Duvessa!
Duvessa is almost dead.
You slash Dowan! Duvessa barely misses you. Dowan casts a spell at you.
The puff of flame hits you. You block Duvessa's attack.
Dowan gestures at you while chanting. The puff of flame hits you.
* * * LOW HITPOINT WARNING * * *
Unknown command.
You hit Duvessa.
Duvessa is almost dead.
You slash Dowan!
You kill Dowan!
Duvessa weeps, and shakes her weapon.
Duvessa goes berserk!
Duvessa hits you with a +0 rapier!
You die...

.)..........................[)...
...>.#...<..########.......#)####
.....#......##.....#.......#?# #
.....#########.....#.......#.#
.##### #.....#.......#.# .#
#####.....#########.#### .#
............. #..... .# #....)e.#
#. ###### .#
####....@..####.######### ##
#...........##....#.......
#.####......##....#.......
#...<.......# ....#.......
#..#.##.....# #.#........ # #.
#........# #.#........ # #
###.###### #.#.####### # # #.#
#.......... # .#
#.#########.......###


You could see Duvessa (berserk).

Vanquished Creatures
  Grinder (D:4)
  A phantom (D:3)
  A scorpion (D:4)
  Dowan (D:4)
  An orc priest (D:4)
  Jessica (D:3)
  An iguana (D:4)
  3 adders
  A gnoll (D:1)
  3 worms
  3 dart slugs
  7 orcs
  2 ball pythons (D:4)
  4 endoplasms
  5 giant cockroaches
  11 goblins
  5 hobgoblins
  8 jackals (D:1)
  11 kobolds
  2 quokkas (D:1)
  4 bats
  A frilled lizard (D:2)
  4 rats
81 creatures vanquished.

Notes
Turn   | Place    | Note
-------+----------+-------------------------------------------
     0 | D:1      | Querens the Formicid Fighter began the quest for the Orb.
     0 | D:1      | Reached XP level 1. HP: 18/18 MP: 1/1
    79 | D:1      | Reached XP level 2. HP: 16/24 MP: 2/2
   152 | D:1      | Reached XP level 3. HP: 13/29 MP: 3/3
   164 | D:1      | Found Feastryrgh's Antique Armour Boutique.
   732 | D:2      | Reached XP level 4. HP: 34/37 MP: 4/4
   751 | D:2      | Found a faded altar of an unknown god.
  1426 | D:2      | Found Gadannukk's Jewellery Shoppe.
  1468 | D:3      | Noticed Jessica
  1472 | D:3      | Killed Jessica
  1649 | D:3      | Reached XP level 5. HP: 36/42 MP: 5/5
  1673 | D:3      | Reached skill level 5 in Shields
  1912 | D:3      | Noticed a phantom
  1919 | D:3      | Killed a phantom
  1920 | D:3      | Reached XP level 6. HP: 49/49 MP: 6/6
  2112 | D:4      | Noticed Edmund
  2156 | D:4      | Noticed Grinder
  2677 | D:4      | Killed Grinder
  2678 | D:4      | Reached skill level 5 in Fighting
  2678 | D:4      | Reached skill level 5 in Armour
  2678 | D:4      | Reached skill level 6 in Shields
  2678 | D:4      | Reached XP level 7. HP: 45/56 MP: 7/7
  2719 | D:4      | Noticed Duvessa
  2719 | D:4      | Noticed Dowan
  2732 | D:4      | Killed Dowan
  2732 | D:4      | Slain by Duvessa

Illustrated notes

Levels and vault maps discovered:
D:1:      matt_arrival_diagonals, layout_basic, serial_shops,
          nicolae_shop_behind_doors, minmay_misc_feat_x
D:2:      layout_basic, shapermc_ecumenical_altar_mp_vishouse, serial_shops,
          shop, hex_large
D:3:      layout_loops_ring, minmay_distorted, uniq_jessica
D:4:      cheibrodos_helix_gallery, layout_basic, uniq_grinder, uniq_edmund,
          uniq_duvessa

Skill      XL: |  1  2  3  4  5  6 |
---------------+-------------------+-----
Fighting       | 4 5 |  5.2
Armour         | 4 5 |  5.2
Shields        | 5 6 |  6.3
Axes           | 3 4 |  4.1

Action                   |  1- 3 |  4- 6 |  7- 9 || total
-------------------------+-------+-------+-------++-------
Melee: War axe           |    78 |   123 |    10 ||   211
  Use: Scroll            |       |     3 |       ||     3
       Potion            |       |     1 |       ||     1
Armor: Scale mail        |    58 |    46 |       ||   104
Dodge: Dodged            |    51 |    39 |     5 ||    95
Block: Buckler           |    23 |       |       ||    23
       Kite shield       |       |    55 |    10 ||    65

Table legend: (Time is in decaauts)
 A = Elapsed time spent in this place.
 B = Non-inter-level travel time spent in this place.
 C = Inter-level travel time spent in this place.
 D = Time resting spent in this place.
 E = Time spent auto-exploring this place.
 F = Levels seen in this place.
 G = Mean time per level.
                   A        B        C        D        E       F      G
               +--------+--------+--------+--------+--------+-----+--------+
         Total |   2825 |   2669 |    156 |      0 |      0 |   4 |  706.2 |
       Dungeon |   2825 |   2669 |    156 |      0 |      0 |   4 |  706.2 |
               +--------+--------+--------+--------+--------+-----+--------+

Top non-repeatable levels by time:
     D:2: 938 daAuts
     D:3: 741 daAuts
     D:1: 574 daAuts
     D:4: 571 daAuts
